 Dungeon Crawl Stone Soup version 0.30-b1-2-g02819fbbbe (webtiles) character file.

Game seed: 9802211562362097219

8 Alarkh the Shooter (level 2, 22/22 HPs)
             Began as a Demonspawn Hunter on May 25, 2023.
             Got out of the dungeon alive.
             The game lasted 00:00:16 (157 turns).

Alarkh the Shooter (Demonspawn Hunter)               Turns: 157, Time: 00:00:17

Health: 22/22      AC:  5    Str: 11    XL:     2   Next: 0%
Magic:  2/2        EV: 11    Int: 10    God:
Gold:   10         SH:  0    Dex: 16    Spells: 1/1 levels left

rFire   . . .        a - +0 shortbow
rCold   . . .        (shield currently unavailable)
rNeg    . . .        c - +0 leather armour
rPois   .            (no helmet)
rElec   .            (no cloak)
rCorr   .            (no gloves)
SInv    .            (no boots)
Will    .....        (no amulet)
Stlth   +            (no ring)
HPRegen 0.23/turn    (no ring)
MPRegen 0.08/turn

%: no passive effects
@: no status effects
A: icy blue scales 1
a: no special abilities


You escaped.
You visited 1 branch of the dungeon, and saw 1 of its levels.

You collected 10 gold pieces.

Inventory:

Hand Weapons
 a - a +0 shortbow (weapon)
Armour
 c - a +0 leather armour (worn)
Scrolls
 b - a scroll of immolation
 d - a scroll of identify {unknown}


   Skills:
 - Level 2.0 Fighting
 + Level 4.0 Ranged Weapons
 - Level 1.7 Dodging
 - Level 0.8 Stealth


You had one spell level left.
You didn't know any spells.
Your spell library was empty.

Dungeon Overview and Level Annotations

Branches:
Dungeon (1/15)

Altars:


Innate Abilities, Weirdness & Mutations

You are partially covered in icy blue scales. (AC +2)


Message History

a +1 dagger of venom; 4 stones; a kobold corpse
Found a short sword.
Things that are here:
a +0 short sword; 4 stones; a kobold corpse You now have 10 gold pieces (gained 2).
A frilled lizard comes into view.
You shoot an arrow. The arrow hits the frilled lizard!
You kill the frilled lizard!
No target in view!
No target in view!
A rat comes into view.
A rat is nearby!
A rat is nearby!
You shoot an arrow.
The arrow hits the rat but does no damage.
You shoot an arrow. The arrow barely misses the rat.
You shoot an arrow.
The arrow hits the rat but does no damage.
You shoot an arrow. The arrow closely misses the rat.
You shoot an arrow.
The arrow hits the rat but does no damage.
You shoot an arrow. The arrow barely misses the rat.
The rat barely misses you. The rat misses you.
You shoot an arrow. The arrow hits the rat.
The rat is severely wounded.
The rat bites you.
You shoot an arrow. The arrow closely misses the rat.
The rat bites you but does no damage.
You shoot an arrow. The arrow barely misses the rat.
The rat bites you. The rat misses you.
You shoot an arrow. The arrow hits the rat.
You kill the rat!
You have reached level 2!
Your demonic ancestry asserts itself...
Icy blue scales grow over part of your body.
You see here a +0 club.
HP restored.
There is a staircase leading out of the dungeon here.
Are you sure you want to leave the Dungeon?
This will make you lose the game!
You have escaped!

##. ###...#####.# #..≈
.....#...#######.#
##.≈ #....##
##..#.#### ..
##..#.###.#......# ..
#...###.#.####.##....#
## .)...# ##.## #.#
...# .#.## ##.#.## .##
#.# #. #.#.#.# # # .
#.#.@.#.# #.#.#.#.#.#
#.###.#.###.# #.# ##
## #.. #. ..# ##


There were no monsters in sight!

Vanquished Creatures
  A ball python (D:1)
  A bat (D:1)
  An endoplasm (D:1)
  A goblin (D:1)
  A frilled lizard (D:1)
  2 kobolds (D:1)
  A rat (D:1)
8 creatures vanquished.

Notes
Turn   | Place    | Note
-------+----------+-------------------------------------------
     0 | D:1      | Alarkh the Demonspawn Hunter began the quest for the Orb.
     0 | D:1      | Reached XP level 1. HP: 16/16 MP: 1/1
    40 | D:1      | Reached skill level 4 in Ranged Weapons
   124 | D:1      | Gained mutation: You are partially covered in icy blue
                  | scales. (AC +2) [demonic ancestry]
   124 | D:1      | Reached XP level 2. HP: 18/22 MP: 2/2
   157 | D:$      | Got out of the dungeon alive.

Illustrated notes

Levels and vault maps discovered:
D:1:      minmay_arrival_diagonal_passages, layout_rooms, serial_shops,
          nicolae_shop_hallway_stairs, grunt_decor_clamped,
          grunt_decor_junction, minmay_box_of_dots

Skill      XL: |  1 |
---------------+----+-----
Ranged Weapons | 4 |  4.0
Fighting       | |  2.0
Dodging        | |  1.7
Stealth        | |  0.8

Action                     || total
---------------------------++-------
   Fire: Shortbow          ||    20
 Armour: Leather armour    ||     1
  Dodge: Dodged            ||     3
